 Dungeon Crawl Stone Soup version 0.24-a0-170-gd8427f5 (webtiles) character file.

Game seed: 0

522036 gruber the Acrobat (level 24, -21/122 HPs)
             Began as a Spriggan Enchanter on Feb 26, 2019.
             Was the Champion of Dithmenos.
             Engulfed by a cloud of freezing vapour (42 damage)
             ... on level 3 of the Abyss on Mar 9, 2019.
             The game lasted 04:37:27 (71602 turns).

gruber the Acrobat (Spriggan Enchanter)            Turns: 71602, Time: 04:37:29

Health: -21/122    AC: 11    Str:  4    XL:     24   Next: 68%
Magic:  0/47       EV: 37    Int: 39    God:    Dithmenos [******]
Gold:   3435       SH:  6    Dex: 20    Spells: 14/61 levels left

rFire    + . .     SeeInvis +   k - staff of energy
rCold    x . .     Gourm    .   (shield currently unavailable)
rNeg     . . .     Faith    .   S - +3 steam dragon scales of Paruneha {rPois rC- Regen+ Int+4}
rPois    +         Spirit   .   D - +0 mask of the Dragon {MR+ Slay+3 SInv}
rElec    .         Reflect  +   u - scarf {repulsion}
rCorr    .         Harm     .   (gloves unavailable)
MR       +++++                  (boots unavailable)
Stlth    ++++++++++             w - amulet of Hospitality {Reflect Int+3 SH+6}
HPRegen  0.00/turn              q - ring "Laos" {rPois Int+4 Stlth-}
MPRegen  0.30/turn              V - ring of Birdsong {rF+ Int+4 Dex+2}

@: non-regenerating, mildly diseased, wreathed by umbra, repel missiles, very
quick
A: very small, unfitting armour, iridescent scales 1, see invisible, dopey 1,
herbivore, speed 3, slow metabolism 2, MP-powered wands
}: 2/15 runes: decaying, serpentine
a: Shadow Step, Shadow Form, Renounce Religion


You were on level 3 of the Abyss.
You worshipped Dithmenos.
Dithmenos was exalted by your worship.
You were not hungry.

You visited 8 branches of the dungeon, and saw 43 of its levels.
You visited the Abyss 4 times.
You also visited: Trove, Sewer and Ice Cave.

You collected 6440 gold pieces.
You spent 3005 gold pieces at shops.

Inventory:

Hand Weapons
 y - the +10 short sword of the Equinox {freeze, +Rage}
   (You bought it in a shop on level 2 of the Orcish Mines)

   It has been specially enchanted to freeze those struck by it, causing extra
   injury to most foes and up to half again as much damage against particularly
   susceptible opponents.
   It can also slow down cold-blooded creatures.
   It lets you go berserk.
 L - a +2 sacred scourge of holy wrath
Missiles
 G - 9 throwing nets (quivered)
Armour
 b - the +1 shadow dragon scales of Jakeapn {Regen+ Stlth++++}
   (You acquired it on level 14 of the Dungeon)

   It increases your rate of regeneration.
   It makes you much more stealthy.
 u - a scarf of repulsion (worn)
 D - the +0 mask of the Dragon (worn) {MR+ Slay+3 SInv}
   (You found it on level 3 of the Elven Halls)

   It affects your accuracy and damage with ranged weapons and melee attacks
   (+3).
   It affects your resistance to hostile enchantments.
   It lets you see invisible.
 Q - a +0 buckler of protection
 S - the +3 steam dragon scales of Paruneha (worn) {rPois rC- Regen+ Int+4}
   (You bought it in a shop on level 14 of the Dungeon)

   It affects your intelligence (+4).
   It makes you vulnerable to cold.
   It protects you from poison.
   It increases your rate of regeneration.
Magical Staves
 k - an uncursed staff of energy (weapon)
Jewellery
 m - an uncursed ring of protection from cold
 q - the ring "Laos" (left hand) {rPois Int+4 Stlth-}
   (You found it on level 2 of the Swamp)

   [ring of attention]

   It affects your intelligence (+4).
   It protects you from poison.
   It makes you less stealthy.
 w - the amulet of Hospitality (around neck) {Reflect Int+3 SH+6}
   (You found it on level 2 of the Lair of Beasts)

   [amulet of reflection]

   It shields you and reflects attacks.
   It affects your intelligence (+3).
   It affects your SH (+6).
 A - an uncursed ring of flight
 B - an uncursed ring of wizardry
 M - a +4 ring of slaying
 R - the ring of Sese Bei {rPois MP+9 Int+3 Dex+6 Slay-3}
   (You took it off a deep elf death mage on level 3 of the Elven Halls)

   [ring of magical power]

   It affects your intelligence (+3).
   It affects your dexterity (+6).
   It affects your accuracy and damage with ranged weapons and melee attacks
   (-3).
   It protects you from poison.
   It affects your magic capacity (+9).
 V - the ring of Birdsong (right hand) {rF+ Int+4 Dex+2}
   (You found it on level 4 of the Swamp)

   [ring of intelligence]

   It affects your intelligence (+4).
   It affects your dexterity (+2).
   It protects you from fire.
Wands
 c - a wand of digging (11)
 C - a wand of flame (125)
 E - a wand of scattershot (4)
 H - a wand of polymorph (31)
 I - a wand of disintegration (13)
 J - a wand of clouds (8)
 O - a wand of acid (26)
 W - a wand of enslavement (17)
 X - a wand of iceblast (34)
 Y - a wand of paralysis (31)
Scrolls
 a - 3 scrolls of silence
 e - 11 scrolls of identify
 f - 25 scrolls of teleportation
 l - 7 scrolls of amnesia
 n - 7 scrolls of fog
 o - 13 scrolls of magic mapping
 t - 10 scrolls of blinking
 v - 26 scrolls of remove curse
 x - 4 scrolls of fear
 F - 3 scrolls of enchant weapon
 Z - 2 scrolls of brand weapon
Potions
 g - 8 potions of agility
 i - 5 potions of curing
 j - 5 potions of haste
 p - 4 potions of flight
 r - 10 potions of heal wounds
 s - 12 potions of brilliance
 z - 7 potions of might
 N - 6 potions of cancellation
 T - 3 potions of resistance
 U - 7 potions of magic
Miscellaneous
 h - a phial of floods
Comestibles
 d - 35 rations


   Skills:
 - Level 11.1 Fighting
 - Level 12.4 Short Blades
 - Level 7.0 Armour
 - Level 21.0 Dodging
 - Level 19.2 Stealth
 - Level 8.3 Shields
 - Level 19.2 Spellcasting
 - Level 10.0 Conjurations
 - Level 16.0 Hexes
 - Level 7.3 Charms
 - Level 3.0 Summonings
 - Level 12.0 Necromancy
 - Level 5.8 Translocations
 - Level 8.1 Ice Magic
 - Level 8.1 Air Magic
 - Level 13.2 Earth Magic
 * Level 14.4 Evocations


You had 14 spell levels left.
You knew the following spells:

 Your Spells              Type           Power        Failure   Level  Hunger
a - Corona                Hex            #######      0%          1    None
b - Ensorcelled Hibernat  Hex/Ice        ######       0%          2    None
c - Confuse               Hex            ########     0%          3    None
d - Tukima's Dance        Hex            ########     0%          3    None
e - Animate Skeleton      Necr           N/A          0%          1    None
f - Regeneration          Chrm/Necr      #######...   1%          3    None
g - Animate Dead          Necr           N/A          1%          4    None
h - Invisibility          Hex            ########     1%          6    None
i - Iron Shot             Conj/Erth      #######...   1%          6    None
j - Borgnjor's Vile Clut  Necr/Erth      #######...   1%          5    None
k - Freezing Cloud        Conj/Ice/Air   #######...   3%          6    None
l - Blink                 Tloc           N/A          1%          2    None
m - Summon Mana Viper     Hex/Summ       #######.     1%          5    None

Your spell library contained the following spells:

 Spells                   Type           Power        Failure   Level  Hunger
 Confusing Touch          Hex            ######       0%          1    None
 Magic Dart               Conj           ####         0%          1    None
 Pain                     Necr           ####         0%          1    None
 Corpse Rot               Necr           N/A          0%          2    None
 Slow                     Hex            ########     0%          2    None
 Sublimation of Blood     Necr           #######...   0%          2    None
 Dazzling Spray           Conj/Hex       ######       0%          3    None
 Vampiric Draining        Necr           #######...   0%          3    None
 Cause Fear               Hex            ########..   0%          4    None
 Apportation              Tloc           ######       1%          1    None
 Beastly Appendage        Tmut           #####.       1%          1    None
 Flame Tongue             Conj/Fire      #####        1%          1    None
 Sting                    Conj/Pois      ####         1%          1    None
 Summon Butterflies       Summ           ######..     1%          1    None
 Summon Small Mammal      Summ           ####         1%          1    None
 Call Imp                 Summ           ######..     1%          2    None
 Poisonous Vapours        Pois/Air       ######       1%          2    None
 Sticks to Snakes         Tmut           #####...     1%          2    None
 Throw Flame              Conj/Fire      ######       1%          2    None
 Call Canine Familiar     Summ           ######..     1%          3    None
 Conjure Flame            Conj/Fire      ######..     1%          3    None
 Gell's Gravitas          Tloc           ######....   1%          3    None
 Inner Flame              Hex/Fire       #######.     1%          3    None
 Lesser Beckoning         Tloc           ######....   1%          3    None
 Mephitic Cloud           Conj/Pois/Air  ######..     1%          3    None
 Portal Projectile        Hex/Tloc       ######       1%          3    None
 Stone Arrow              Conj/Erth      ######       1%          3    None
 Ice Form                 Ice/Tmut       ######..     1%          4    None
 Leda's Liquefaction      Hex/Erth       ########..   1%          4    None
 Petrify                  Tmut/Erth      ######..     1%          4    None
 Sticky Flame             Conj/Fire      ######..     1%          4    None
 Summon Ice Beast         Ice/Summ       ######..     1%          4    None
 Summon Lightning Spire   Summ/Air       ######..     1%          4    None
 Throw Icicle             Conj/Ice       #######.     1%          4    None
 Bolt of Draining         Conj/Necr      #######...   1%          5    None
 Bolt of Magma            Conj/Fire/Erth #######...   1%          5    None
 Iskenderun's Battlesphe  Conj/Chrm      #######.     1%          5    None
 Metabolic Englaciation   Hex/Ice        #######...   1%          5    None
 Yara's Violent Unravell  Hex/Tmut       #######...   1%          5    None
 Simulacrum               Ice/Necr       #######...   1%          6    None
 Ignite Poison            Fire/Tmut/Pois #####...     2%          3    None
 Spider Form              Tmut/Pois      #####.....   2%          3    None
 Fireball                 Conj/Fire      ######....   2%          5    None
 Venom Bolt               Conj/Pois      ######....   2%          5    None
 Bolt of Cold             Conj/Ice       #######...   2%          6    None
 Conjure Ball Lightning   Conj/Air       #######...   2%          6    None
 Summon Forest            Summ/Tloc      ######....   3%          5    None
 Ozocubu's Refrigeration  Ice            #######...   4%          6    None
 Aura of Abjuration       Summ           ######....   6%          5    None
 Olgreb's Toxic Radiance  Pois           #####...     8%          4    None
 Statue Form              Tmut/Erth      ######...    8%          6    None
 Orb of Destruction       Conj           #######...   11%         7    None
 Bolt of Fire             Conj/Fire      ######....   14%         6    None
 Alistair's Intoxication  Tmut/Pois      #####...     21%         5    None
 Blade Hands              Tmut           #####.....   21%         5    None
 Spellforged Servitor     Conj/Summ      ######....   41%         7    None
 Hydra Form               Tmut           #####.....   75%         6    None
 Summon Hydra             Summ           ######....   88%         7    None


Dungeon Overview and Level Annotations

Branches:
Dungeon (15/15)            Temple (0/1) D:7            Lair (6/6) D:11
  Swamp (4/4) Lair:3        Snake (4/4) Lair:2        Slime (0/5) Lair:6
    Orc (2/2) D:11            Elf (3/3) Orc:2        Vaults (4/5) D:14
  Crypt (0/3) Vaults:3     Depths (5/5) D:15            Zot (0/5) Depths:5

Altars:
Dithmenos
Gozag
Kikubaaqudgha
Nemelex Xobeh
Sif Muna
Vehumet
Zin
Beogh
Jiyva
Lugonu

Shops:
D:10 %   D:11 !   D:14 ((**[   Orc:2 ((!:   Elf:3 ?   Snake:1 *   Snake:2 }
Snake:3 ?[[?(   Vaults:1 [}}   Vaults:3 *   Vaults:4 [

Portals:
Hell: Depths:1 Depths:2 Depths:3 Depths:4 Depths:5
Abyss: Depths:4
Pandemonium: Depths:3
Ziggurat: Depths:2

Annotations:
Swamp:2 dithmenos
Swamp:3 2 transporters
Depths:1 exclusion: orange crystal statue


Innate Abilities, Weirdness & Mutations

You are very small and have problems with some larger weapons.
You are too small for most types of armour.
You have supernaturally acute eyesight. (SInv)
You are a herbivore.
You cover ground extremely quickly.
You need to consume almost no food.
You are partially covered in iridescent scales. (AC +2)
You are dopey. (Int -2)
You expend magic power (3 MP) to strengthen your wands.


Message History

Unknown command.
Unknown command.
Casting: Freezing Cloud (safe; 3% risk of failure)
Confirm with . or Enter, or press ? or * to list all spells.
Okay, then.
Unknown command.
Evoke which item? (* to show all) (? for menu, Esc to quit)
Aiming: Corrosive Bolt
Press: ? - help, Shift-Dir - straight line, f - ynoxinul
Aim: a ynoxinul (freezing vapour, severely wounded, umbra)
The bolt of acid misses the ynoxinul.
You are engulfed in freezing vapours.
* * * LOW HITPOINT WARNING * * *
The ynoxinul is engulfed in freezing vapours.
The ynoxinul gestures.
Unknown command.
Unknown command.
Unknown command.
Unknown command.
You feel much better.
You are engulfed in freezing vapours.
You die...

. # # #
####
#§@#
###§3# #
##5## #
. .X
R5.# #
§§... .
....#.#
.... . .
X.###...
. . . #.


You could see an efreet (wandering), a ynoxinul and 2 ufetubi.

Vanquished Creatures
  A juggernaut (Depths:5)
  Boris (Vaults:3)
  Saint Roka (Vaults:3)
  the Lernaean hydra (Swamp:4)
  Vashnia (Snake:3)
  A golden dragon (Depths:5)
  A bone dragon (Abyss:3)
  2 liches
  3 tentacled monstrosities
  A titan (Depths:4)
  Asterion (Elf:3)
  2 deep elf master archers (Elf:3)
  3 quicksilver dragons
  An acid blob (shapeshifter) (Depths:2)
  2 deep elf blademasters (Elf:3)
  7 sphinxes
  2 shadow dragons (shapeshifter)
  A shadow dragon (Abyss:3)
  2 tentacled starspawn (Abyss:1)
  5 storm dragons
  4 thorn hunters
  Gastronok (D:11)
  Kirke (Swamp:3)
  A storm dragon (shapeshifter) (Depths:2)
  A draconian monk (Depths:5)
  3 tengu reavers (Depths:2)
  A fire giant (shapeshifter) (Depths:2)
  5 nagarajas (Snake:4)
  A balrug (Abyss:3)
  6 fire giants
  An iron dragon (Depths:4)
  A ghost moth (Depths:2)
  A draconian knight (Depths:5)
  11 deep elf sorcerers
  Louise (Swamp:3)
  An angel (Abyss:1)
  15 vault wardens
  10 frost giants
  A draconian shifter (Abyss:1)
  The ghost of Emacud the Bludgeoner, a journeyman MiBe of Trog (Snake:3)
  Aizul (Snake:3)
  A cacodemon (Abyss:3)
  9 deep elf elementalists
  24 very ugly things
  2 war gargoyles (Depths:2)
  11 ironheart preservers
  A vampire knight (Depths:3)
  13 stone giants
  5 deep elf demonologists (Elf:3)
  A white draconian (Depths:5)
  3 green draconians
  3 purple draconians (Depths:5)
  A dire elephant (Abyss:1)
  12 spark wasps
  8 deep elf annihilators
  A red draconian (Abyss:3)
  2 yellow draconians (Depths:5)
  3 deep elf death magi
  12 ettins
  A crystal guardian (Depths:2)
  3 green deaths
  2 blizzard demons (IceCv)
  5 jiangshi
  11 fire dragons
  8 deep elf high priests
  8 yaktaur captains
  Harold (D:8)
  5 great orbs of eyes
  12 ice dragons
  An ice dragon (shapeshifter) (Depths:2)
  3 rakshasas
  5 vault guards
  12 naga warriors
  Erolcha (D:13)
  29 hydras
  2 spriggan air magi
  A juggernaut simulacrum (Depths:2)
  2 shambling mangroves
  2 catoblepae
  Erica (D:8)
  The ghost of Esoasiq the Carver, a journeyman DsGl of Hepliaklqana (Lair:2)
  A ghost crab (Swamp:2)
  A satyr (shapeshifter) (Depths:2)
  52 two-headed ogres
  12 centaur warriors
  A two-headed ogre (shapeshifter) (Vaults:4)
  12 anacondas
  25 alligators
  14 ogre magi
  A deep troll shaman (Vaults:1)
  3 death yaks (Lair:6)
  A hell hog (Abyss:1)
  5 thrashing horrors
  16 naga sharpshooters
  3 spriggan berserkers
  5 tengu warriors
  26 dancing weapons
  Urug (D:11)
  3 vampire magi
  8 deep troll earth magi
  5 wretched stars
  A shock serpent (shapeshifter) (Depths:4)
  12 shock serpents
  7 hell knights
  18 deep elf knights
  2 sun demons (Abyss:1)
  3 sixfirhies (Abyss:1)
  2 death drakes (shapeshifter)
  A shadow wraith (Vaults:4)
  2 salamander mystics (Depths:3)
  2 unseen horrors
  2 storm dragon skeletons (Abyss:3)
  11 wizards
  5 glowing orange brains
  17 deep trolls
  A spriggan druid (Swamp:3)
  4 starcursed masses (Abyss:3)
  8 swamp dragons
  14 deep elf archers
  2 flayed ghosts
  5 naga ritualists
  A wolf spider zombie (D:15)
  15 ironbrand convokers
  2 orb spiders (shapeshifter)
  20 ugly things
  58 deep elf magi
  2 harpies (Depths:1)
  9 orc knights
  4 cyclopes
  7 mana vipers
  3 necromancers
  6 wolf spiders
  12 orc sorcerers
  4 oklob plants (Lair:3)
  14 salamanders
  10 manticores
  3 worldbinders
  33 black mambas
  Maurice (D:10)
  8 elephants (Lair:6)
  2 dire elephant zombies
  4 guardian serpents
  2 guardian serpents (shapeshifter)
  21 naga magi
  A salamander (shapeshifter) (D:15)
  A black mamba (shapeshifter) (D:13)
  5 smoke demons (Abyss:3)
  An ice statue (IceCv)
  13 vault sentinels
  An eye of devastation (Abyss:1)
  A gargoyle (D:15)
  5 spectral swamp worms (Depths:5)
  3 torpor snails
  A hellion (Depths:3)
  16 spiny frogs
  A torpor snail (shapeshifter) (Elf:2)
  8 rime drakes
  6 freezing wraiths
  2 efreet
  A yaktaur (shapeshifter) (Vaults:1)
  A yaktaur skeleton (Vaults:1)
  2 kobold demonologists
  A human skeleton (Vaults:1)
  5 ice devils (IceCv)
  4 komodo dragons
  37 yaktaurs
  2 anaconda simulacra (IceCv)
  9 ancient zymes
  4 tengu conjurers
  7 trolls
  18 hornets
  3 polar bears
  14 tyrant leeches
  2 trolls (shapeshifter)
  A tyrant leech (shapeshifter) (Depths:4)
  A wind drake (shapeshifter) (Vaults:1)
  16 bog bodies
  36 slime creatures
  27 blink frogs
  2 blink frogs (shapeshifter)
  19 hippogriffs
  A raiju (shapeshifter) (Elf:3)
  6 small abominations
  A harpy skeleton (D:12)
  6 dream sheep
  A meliai zombie (D:14)
  A dream sheep (shapeshifter) (D:15)
  14 raiju
  Sigmund (D:3)
  6 flying skulls (Abyss:1)
  2 air elementals
  A redback (shapeshifter) (D:12)
  4 ynoxinuls
  5 shadows
  9 spriggans
  A wraith (Abyss:1)
  A dire elephant simulacrum (IceCv)
  3 vampires (Vaults:3)
  4 wyverns
  A fire dragon skeleton (Abyss:3)
  3 fire elementals
  4 water elementals
  9 basilisks
  21 large abominations
  2 golden eyes (shapeshifter)
  A yak (shapeshifter) (Vaults:2)
  16 humans (D:14)
  5 fire bats (Abyss:3)
  56 yaks
  5 neqoxecs
  8 hungry ghosts
  3 chaos spawn
  A steam dragon (D:13)
  Grum (D:8)
  A death yak simulacrum (IceCv)
  22 vampire mosquitoes
  5 iron troll simulacra (IceCv)
  5 wargs
  3 harpy simulacra (IceCv)
  12 swamp worms
  3 hydra simulacra
  3 insubstantial wisps (Swamp:3)
  45 nagas
  10 hell hounds
  12 porcupines
  3 acid dragons (Vaults:1)
  15 water moccasins
  A floating eye (Lair:3)
  5 ice beasts
  23 orc warriors
  13 swamp drakes
  3 ettin simulacra (IceCv)
  2 eyes of draining
  5 black bears
  5 sky beasts
  2 phantoms
  An eye of draining (shapeshifter) (Depths:2)
  21 wolves
  30 ogres
  6 boggarts
  7 centaurs
  18 crocodiles
  2 big kobolds
  2 human zombies (Vaults:1)
  4 elf zombies (Elf:1)
  26 bullfrogs
  4 earth elementals
  A wyvern skeleton (D:13)
  6 scorpions
  An elephant simulacrum (IceCv)
  3 human simulacra
  10 killer bees
  8 wights
  4 howler monkeys
  5 electric eels
  6 crimson imps
  6 lava snakes (Snake:4)
  2 bullfrog zombies
  2 centaur zombies
  5 draconian simulacra (IceCv)
  5 jellies
  A komodo dragon simulacrum (Lair:2)
  4 quasits
  5 hounds
  17 orc priests
  A hippogriff simulacrum (Lair:2)
  5 bullfrog skeletons
  3 centaur skeletons
  7 iguanas
  2 iron imps (Abyss:1)
  45 orc wizards
  7 hell rats
  14 worker ants
  A polar bear simulacrum (IceCv)
  A spriggan simulacrum (IceCv)
  2 wolf simulacra
  5 troll simulacra (IceCv)
  A hound zombie (D:5)
  A porcupine simulacrum (Lair:2)
  2 hound skeletons
  A howler monkey zombie (D:6)
  A worker ant zombie (D:11)
  13 adders
  A crocodile simulacrum (Lair:2)
  2 naga simulacra (IceCv)
  A river rat (D:4)
  4 shadow imps
  3 white imps (IceCv)
  9 ufetubi
  2 oozes (D:4)
  3 worms
  2 dart slugs
  8 leopard geckos
  98 orcs
  6 giant cockroaches
  7 goblins
  9 hobgoblins
  29 jackals
  4 quokkas
  9 ball pythons
  11 bats
  6 frilled lizards
  22 kobolds
  A leopard gecko skeleton (D:5)
  11 rats
  12 fungi (Elf:3)
  A plant (Sewer)
  A starspawn tentacle (Abyss:1)
2154 creatures vanquished.

Vanquished Creatures (collateral kills)
  A nagaraja (Snake:4)
  A vault warden (Vaults:3)
  A deep elf annihilator (Depths:1)
  A vault guard (Vaults:3)
  A naga sharpshooter (Snake:4)
  An orc knight (Vaults:3)
  5 nagas (Snake:4)
  2 orc warriors (Vaults:3)
  An ogre (Vaults:3)
  2 lava snakes (Snake:4)
  An orc wizard (Vaults:3)
  An orc priest (Vaults:3)
  5 orcs (Vaults:3)
23 creatures vanquished.

Vanquished Creatures (others)
  A lich (Depths:3)
  A deep elf master archer (Elf:3)
  An ironheart preserver (Vaults:1)
  A centaur warrior (Depths:3)
  A dancing weapon (Snake:4)
  A deep elf knight (Elf:1)
  A deep elf mage (Elf:2)
  A cyclops (Vaults:2)
  A manticore (Depths:1)
  7 yaktaurs
  2 humans (Swamp:3)
  A swamp drake (Swamp:2)
  A centaur (Vaults:2)
  An electric eel (D:12)
  An orc wizard (Orc:2)
  2 orcs (Orc:2)
  A bush (Lair:6)
  24 fungi
  A lurking horror (Abyss:3)
  9 plants
  3 starspawn tentacles (Abyss:1)
62 creatures vanquished.

Grand Total: 2239 creatures vanquished

Notes
Turn   | Place    | Note
-------+----------+-------------------------------------------
     0 | D:1      | gruber the Spriggan Enchanter began the quest for the Orb.
     0 | D:1      | Reached XP level 1. HP: 9/9 MP: 5/5
   509 | D:1      | Reached XP level 2. HP: 13/13 MP: 4/6
   513 | D:1      | Learned a level 2 spell: Ensorcelled Hibernation
  1405 | D:2      | Reached XP level 3. HP: 15/16 MP: 8/8
  1795 | D:2      | Reached skill level 5 in Hexes
  2202 | D:3      | Noticed an ogre
  2208 | D:3      | Reached skill level 5 in Stealth
  2208 | D:3      | Reached XP level 4. HP: 21/21 MP: 6/9
  2211 | D:3      | Killed an ogre
  2211 | D:3      | Reached XP level 5. HP: 24/24 MP: 2/10
  2427 | D:3      | Noticed Sigmund
  2863 | D:3      | Learned a level 3 spell: Confuse
  2867 | D:3      | Learned a level 3 spell: Tukima's Dance
  3128 | D:3      | Killed Sigmund
  3128 | D:3      | Reached skill level 5 in Short Blades
  3128 | D:3      | Reached XP level 6. HP: 28/28 MP: 6/11
  3781 | D:4      | Found a glowing drain.
  3792 | Sewer    | Entered a sewer
  5151 | D:4      | Reached XP level 7. HP: 19/32 MP: 12/12
  5463 | D:5      | Entered Level 5 of the Dungeon
  5530 | D:5      | Found a shadowy altar of Dithmenos.
  5540 | D:5      | Became a worshipper of Dithmenos the Shadowed
  6308 | D:5      | Reached skill level 10 in Stealth
  6447 | D:5      | Learned a level 1 spell: Animate Skeleton
  6657 | D:6      | Noticed a cyclops
  6848 | D:6      | Reached XP level 8. HP: 29/36 MP: 10/15
  6859 | D:6      | Reached * piety under Dithmenos
  6897 | D:6      | Reached skill level 5 in Spellcasting
  7232 | D:6      | Killed a cyclops
  7616 | D:6      | Reached XP level 9. HP: 39/39 MP: 4/18
  7687 | D:7      | Found a staircase to the Ecumenical Temple.
  7738 | D:7      | Reached skill level 10 in Hexes
  8700 | D:7      | Reached ** piety under Dithmenos
  8812 | D:7      | Learned a level 3 spell: Regeneration
  8817 | D:7      | Learned a level 4 spell: Animate Dead
  8879 | D:8      | Reached skill level 1 in Charms
  8939 | D:8      | Noticed a two-headed ogre
  8942 | D:8      | Noticed Erica
  8945 | D:8      | Noticed Grum
  8946 | D:8      | Killed a two-headed ogre
  8976 | D:8      | Found an opulent altar of Gozag.
  8993 | D:8      | Noticed Harold
  9015 | D:8      | Killed Harold
  9015 | D:8      | Reached XP level 10. HP: 37/44 MP: 6/19
  9195 | D:8      | Killed Erica
  9261 | D:8      | Killed Grum
  9836 | D:9      | You fall through a shaft for 3 floors!
  9837 | D:12     | Noticed a manticore
  9847 | D:11     | Found a staircase to the Orcish Mines.
  9853 | D:11     | Noticed a manticore
  9863 | D:11     | Killed a manticore
  9863 | D:11     | Reached skill level 15 in Stealth
  9995 | D:11     | Noticed an unseen horror
 10002 | D:11     | Killed an unseen horror
 10002 | D:11     | Reached *** piety under Dithmenos
 10002 | D:11     | Reached skill level 6 in Dodging
 10148 | D:11     | Reached skill level 7 in Dodging
 10255 | D:11     | Noticed Gastronok
 10501 | D:11     | Reached XP level 11. HP: 45/47 MP: 20/20
 10558 | D:11     | Reached skill level 8 in Dodging
 10700 | D:11     | Noticed Urug
 10706 | D:11     | Killed Urug
 10706 | D:11     | Reached skill level 9 in Dodging
 10715 | D:11     | Found Irops's Distillery.
 10718 | D:11     | Bought a potion of brilliance for 60 gold pieces
 10718 | D:11     | Bought a potion of degeneration for 15 gold pieces
 10811 | D:11     | Found a runed translucent door.
 11042 | D:11     | Found a staircase to the Lair.
 11139 | D:11     | Killed Gastronok
 11139 | D:11     | Reached skill level 11 in Dodging
 11286 | D:11     | Noticed an orc knight
 11367 | D:11     | Noticed an orc knight
 11391 | D:11     | Killed an orc knight
 11858 | D:11     | Killed an orc knight
 11989 | D:11     | Found a roughly hewn altar of Beogh.
 12057 | D:10     | Entered Level 10 of the Dungeon
 12127 | D:10     | Found Acwoyre's Food Shop.
 12159 | D:10     | Noticed Maurice
 12163 | D:10     | Killed Maurice
 12302 | D:10     | Noticed a two-headed ogre
 12309 | D:10     | Killed a two-headed ogre
 12339 | D:10     | Reached **** piety under Dithmenos
 12712 | D:9      | Reached skill level 1 in Armour
 13008 | D:9      | Found a roughly hewn altar of Beogh.
 13308 | D:9      | Found a glowing silver altar of Zin.
 13677 | D:12     | Noticed a brown ugly thing
 13696 | Lair:1   | Entered Level 1 of the Lair of Beasts
 13816 | Lair:1   | HP: 1/47 [spiny frog (16)]
 13924 | Lair:2   | Found a runed translucent gate.
 13925 | Lair:2   | Reached XP level 12. HP: 51/51 MP: 21/21
 13926 | Lair:2   | Found a runed translucent gate.
 13949 | Lair:2   | Found a staircase to the Snake Pit.
 14216 | Lair:2   | Noticed a seven-headed hydra
 14219 | Lair:2   | Killed a seven-headed hydra
 14219 | Lair:2   | Reached skill level 5 in Armour
 14255 | Lair:2   | Reached skill level 1 in Fighting
 14357 | Lair:2   | Found a runed translucent gate.
 14723 | Lair:2   | Noticed Esoasiq's ghost (journeyman DsGl)
 14890 | Lair:1   | Reached ***** piety under Dithmenos
 15009 | Lair:1   | Reached skill level 5 in Fighting
 15571 | Lair:1   | Noticed a six-headed hydra
 15574 | Lair:1   | Killed a six-headed hydra
 15796 | Lair:3   | Reached skill level 10 in Spellcasting
 15978 | Lair:3   | Reached XP level 13. HP: 63/63 MP: 28/28
 16936 | Lair:4   | Reached skill level 1 in Ice Magic
 17763 | Lair:5   | Reached skill level 5 in Ice Magic
 17924 | Lair:5   | Reached XP level 14. HP: 68/68 MP: 30/30
 18447 | Lair:5   | Reached ****** piety under Dithmenos
 18539 | Lair:6   | Entered Level 6 of the Lair of Beasts
 19332 | Lair:6   | Found a viscous altar of Jiyva.
 19333 | Lair:6   | Found a staircase to the Slime Pits.
 19812 | Lair:6   | Reached XP level 15. HP: 72/72 MP: 2/31
 19967 | Lair:6   | Reached skill level 12 in Dodging
 20432 | Lair:6   | Reached skill level 13 in Dodging
 22497 | D:13     | Noticed Erolcha
 22504 | D:13     | Killed Erolcha
 23187 | D:13     | Reached skill level 15 in Hexes
 23300 | D:13     | Reached skill level 1 in Shields
 23369 | D:13     | Found a portal to a secret trove of treasure.
 23694 | D:13     | You fall through a shaft for 2 floors!
 23694 | D:15     | Entered Level 15 of the Dungeon
 23732 | D:14     | Learned a level 6 spell: Invisibility
 23859 | D:14     | Found Dykul's Weapon Shoppe.
 23861 | D:14     | Found Hagirig's General Store.
 23879 | D:14     | Bought a scroll of enchant armour for 135 gold pieces
 23879 | D:14     | Bought a scroll of identify for 36 gold pieces
 23879 | D:14     | Bought a scroll of identify for 36 gold pieces
 24135 | D:14     | Found Warphymyl's Assorted Antiques.
 24302 | D:14     | Found a gate to the Vaults.
 24366 | D:14     | Found Voadduth's Armour Boutique.
 24369 | D:14     | Bought the +3 steam dragon scales of Paruneha {rPois rC-
                  | Regen+ Int+4} for 1081 gold pieces
 24489 | D:14     | Found Qyess's Weapon Emporium.
 24797 | Orc:1    | Entered Level 1 of the Orcish Mines
 24907 | Orc:2    | Entered Level 2 of the Orcish Mines
 25372 | Orc:2    | Found a staircase to the Elven Halls.
 25480 | Orc:2    | Reached skill level 5 in Shields
 25750 | Orc:2    | Found Joihonul's Book Shoppe.
 25756 | Orc:2    | Found Rumnykust's Antique Weapon Emporium.
 25783 | Orc:2    | Found a radiant altar of Vehumet.
 25789 | Orc:2    | Found Fowiseip's Distillery.
 26236 | Orc:2    | Reached XP level 16. HP: 76/76 MP: 14/32
 26271 | Orc:2    | Gained mutation: You are dopey. (Int -2) [a neqoxec]
 27201 | Orc:2    | Found a roughly hewn altar of Beogh.
 27201 | Orc:2    | Found Ruetziwn's Antique Weapon Shoppe.
 27252 | Orc:2    | Found an ancient bone altar of Kikubaaqudgha.
 27293 | Orc:2    | Bought an iridescent short sword for 240 gold pieces
 27293 | Orc:2    | Identified the +10 short sword of the Equinox {freeze,
                  | +Rage} (You bought it in a shop on level 2 of the Orcish
                  | Mines)
 27494 | D:11     | Bought a potion of curing for 45 gold pieces
 27625 | Orc:2    | Bought a potion of curing for 48 gold pieces
 27625 | Orc:2    | Bought 2 potions of curing for 96 gold pieces
 27625 | Orc:2    | Bought a potion of curing for 48 gold pieces
 27767 | D:14     | Bought a potion of curing for 69 gold pieces
 27767 | D:14     | Bought a potion of curing for 69 gold pieces
 27773 | D:14     | Identified a scroll of acquirement
 27776 | D:14     | Got smelly shadow dragon scales
 27777 | D:14     | Identified the +1 shadow dragon scales of Jakeapn {Regen+
                  | Stlth++++} (You acquired it on level 14 of the Dungeon)
 27984 | Lair:3   | Found a staircase to the Swamp.
 28002 | Swamp:1  | Entered Level 1 of the Swamp
 28999 | Swamp:2  | Noticed a thorn hunter
 29002 | Swamp:2  | Noticed a thorn hunter
 29030 | Swamp:2  | Killed a thorn hunter
 29038 | Swamp:2  | Killed a thorn hunter
 29092 | Swamp:2  | Found a transporter.
 29138 | Swamp:2  | Noticed a thorn hunter
 29154 | Swamp:2  | Killed a thorn hunter
 29256 | Swamp:2  | Noticed a tentacled monstrosity
 29374 | Snake:1  | Entered Level 1 of the Snake Pit
 29780 | D:15     | Found a staircase to the Depths.
 30502 | Swamp:2  | Killed a tentacled monstrosity
 30504 | Swamp:2  | Found a transporter.
 30506 | Swamp:2  | Found the +3 Elemental Staff {rElec rF++ rC++ MR++ AC+5}
 30889 | Swamp:3  | Reached skill level 10 in Short Blades
 30889 | Swamp:3  | Reached XP level 17. HP: 85/85 MP: 27/33
 30922 | Swamp:3  | Noticed Kirke
 30932 | Swamp:3  | Noticed Louise
 30933 | Swamp:3  | Killed Kirke
 30941 | Swamp:3  | Killed Louise
 31161 | Swamp:3  | Found a transporter.
 31180 | Swamp:3  | Found a transporter.
 32330 | Swamp:4  | Entered Level 4 of the Swamp
 32598 | Swamp:4  | Noticed the 27-headed Lernaean hydra
 32890 | Swamp:4  | Killed the 27-headed Lernaean hydra
 32896 | Swamp:4  | Got a decaying rune of Zot
 32919 | Swamp:4  | Found a frozen archway.
 32931 | IceCv    | Entered an ice cave
 33918 | Swamp:4  | Got a warped brass ring
 34634 | Snake:1  | Reached skill level 15 in Spellcasting
 34950 | Snake:1  | Found Hyloo's Assorted Antiques.
 34959 | Snake:1  | Bought a potion of curing for 129 gold pieces
 35652 | Snake:2  | Reached XP level 18. HP: 90/90 MP: 25/38
 36356 | Snake:2  | Reached skill level 14 in Dodging
 36433 | Snake:2  | Found Nehe's Gadget Boutique.
 36456 | Snake:3  | Found Beomaov's Antique Armour Boutique.
 36468 | Snake:3  | Found a large runed translucent door.
 36468 | Snake:3  | Found a large runed translucent door.
 36473 | Snake:3  | Noticed Emacud's ghost (journeyman MiBe)
 36487 | Snake:3  | Found Fugyokh's Magic Scroll Boutique.
 36487 | Snake:3  | Noticed Vashnia
 36498 | Snake:3  | Found Odeane's Antique Armour Boutique.
 36518 | Snake:3  | Identified the +2 battleaxe "Quluy" {holy, rF- rN+++ MR-
                  | Str+4}
 36613 | Snake:3  | Found Zobo's Weapon Emporium.
 36911 | Snake:3  | Noticed Aizul
 37097 | Snake:3  | Identified the ring of Birdsong {rF+ Int+4 Dex+2} (You
                  | found it on level 4 of the Swamp)
 37114 | Snake:3  | Found a shadowy altar of Dithmenos.
 37348 | Snake:3  | Killed Aizul
 37380 | Snake:3  | Found Ruthreh's Magic Scroll Shoppe.
 37508 | Snake:3  | Killed Vashnia
 37508 | Snake:3  | Reached skill level 5 in Necromancy
 37518 | Snake:3  | Bought a scroll of fear for 70 gold pieces
 37743 | Snake:3  | Killed Emacud's ghost
 37894 | Lair:2   | Killed Esoasiq's ghost
 37935 | Lair:2   | Got a coiled jade amulet
 37936 | Lair:2   | Identified the amulet of Hospitality {Reflect Int+3 SH+6}
                  | (You found it on level 2 of the Lair of Beasts)
 38082 | D:13     | You paid a toll of 16 potions of curing to enter a treasure
                  | trove
 38083 | Trove    | Entered a treasure trove
 38090 | Trove    | Got a shimmering arbalest
 38113 | Trove    | Identified the cursed +2 arbalest of Joyful Slaughter
                  | {velocity, rElec} (You found it in a treasure trove)
 38304 | Snake:4  | Entered Level 4 of the Snake Pit
 39235 | Depths:1 | Entered Level 1 of the Depths
 39675 | Depths:1 | Found a radiant altar of Vehumet.
 39802 | Depths:1 | Reached skill level 10 in Necromancy
 39834 | Depths:1 | Reached XP level 19. HP: 93/93 MP: 31/40
 39936 | Depths:1 | Paralysed by a great orb of eyes for 3 turns
 40396 | Depths:1 | Found a gateway to Hell.
 40857 | Depths:2 | Learned a level 6 spell: Iron Shot
 40864 | Depths:2 | Reached skill level 1 in Earth Magic
 42184 | Snake:4  | Reached skill level 5 in Earth Magic
 43471 | Snake:4  | Got a serpentine rune of Zot
 43676 | Vaults:1 | Entered Level 1 of the Vaults
 44247 | Vaults:1 | Found Cydegoud's Gadget Boutique.
 44277 | Vaults:1 | Found Tulou's Gadget Shoppe.
 44346 | Vaults:1 | Found Qoom's Armour Emporium.
 44578 | Vaults:1 | Reached skill level 10 in Earth Magic
 44609 | Vaults:1 | Reached skill level 1 in Conjurations
 44624 | Vaults:1 | Reached XP level 20. HP: 95/98 MP: 37/41
 44891 | Vaults:1 | Identified the Grimoire of Changing and Calling
 45091 | Vaults:2 | Got a scorched arbalest
 45092 | Vaults:2 | Identified the +2 arbalest "Loned" {elec, rF+} (You found
                  | it on level 2 of the Vaults)
 45202 | Vaults:2 | Upgraded the game from 0.24-a0-130-ga3c21ff to
                  | 0.24-a0-136-gad582e5
 45301 | Vaults:2 | Reached skill level 15 in Dodging
 45415 | Vaults:2 | Reached skill level 16 in Dodging
 45665 | Vaults:2 | Reached skill level 17 in Dodging
 45716 | Vaults:2 | Reached skill level 18 in Dodging
 46219 | Vaults:2 | Reached skill level 19 in Dodging
 46812 | Vaults:3 | Reached skill level 20 in Dodging
 46843 | Vaults:3 | Noticed Saint Roka
 47159 | Vaults:3 | Noticed Boris
 47481 | Vaults:3 | Reached skill level 21 in Dodging
 47724 | Vaults:3 | Killed Boris
 48020 | Vaults:3 | Killed Saint Roka
 48245 | Vaults:3 | Found a staircase to the Crypt.
 48782 | Vaults:3 | Reached XP level 21. HP: 74/102 MP: 1/42
 48862 | Vaults:3 | Found Uqasur Ynnu's Assorted Antiques.
 48877 | Vaults:3 | Bought a dazzling short sword for 288 gold pieces
 48879 | Vaults:3 | Identified the cursed +1 short sword "Ceonomack" {speed,
                  | +Fly rN+} (You bought it in a shop on level 3 of the
                  | Vaults)
 49622 | Vaults:4 | Reached skill level 5 in Conjurations
 50228 | Vaults:4 | Found Meanas's Antique Armour Shoppe.
 50238 | Vaults:4 | Bought a shiny buckler for 240 gold pieces
 50773 | Vaults:4 | Learned a level 5 spell: Bolt of Magma
 50780 | Vaults:4 | Learned a level 6 spell: Freezing Cloud
 50958 | Vaults:4 | Reached skill level 1 in Air Magic
 51246 | Depths:2 | Identified the Handbook of Shape Shifting and Malediction
 51760 | Depths:2 | Reached skill level 5 in Air Magic
 51868 | Depths:2 | Noticed a caustic shrike
 52505 | Swamp:2  | Reached skill level 1 in Evocations
 52748 | Swamp:2  | Got a crude copper ring
 52755 | Swamp:2  | Got an encrusted hand crossbow
 52761 | Swamp:2  | Identified the +10 hand crossbow of Sulphur {elec, rF+
                  | Str+6 Int+2 Dex-2} (You found it on level 2 of the Swamp)
 52762 | Swamp:2  | Identified the cursed ring of the Past {Str+6 Dex-2} (You
                  | found it on level 2 of the Swamp)
 52766 | Swamp:2  | Got a pitted amber ring
 52767 | Swamp:2  | Identified the ring "Laos" {rPois Int+4 Stlth-} (You found
                  | it on level 2 of the Swamp)
 53215 | Depths:2 | Found a gateway to a ziggurat.
 53241 | Depths:2 | Reached skill level 5 in Evocations
 53554 | Depths:3 | Reached XP level 22. HP: 107/107 MP: 34/43
 54135 | Depths:3 | Found a sparkling altar of Nemelex Xobeh.
 54908 | Depths:3 | Found a one-way gate leading to the halls of Pandemonium.
 57059 | Depths:4 | Found a one-way gate to the infinite horrors of the Abyss.
 57407 | Depths:5 | Entered Level 5 of the Depths
 57555 | Depths:5 | Reached skill level 10 in Conjurations
 57874 | Depths:5 | Noticed a juggernaut
 58345 | Orc:2    | Bought a book of Minor Magic for 300 gold pieces
 58351 | Orc:2    | Learned a level 2 spell: Blink
 58897 | Depths:5 | Found a corrupted altar of Lugonu.
 58912 | Depths:5 | Reached XP level 23. HP: 109/109 MP: 28/46
 59499 | Depths:5 | Killed a juggernaut
 59671 | Depths:5 | Reached skill level 1 in Translocations
 59678 | Depths:5 | Found a gate to the Realm of Zot.
 59735 | Depths:5 | Noticed a caustic shrike
 59735 | Depths:5 | Noticed a caustic shrike
 59737 | Depths:5 | Noticed a caustic shrike
 59740 | Depths:5 | Noticed a caustic shrike
 60316 | Depths:5 | Reached skill level 5 in Translocations
 60491 | Depths:5 | Learned a level 5 spell: Summon Mana Viper
 60654 | Depths:5 | Reached skill level 1 in Summonings
 61345 | Elf:1    | Entered Level 1 of the Elven Halls
 61495 | Elf:1    | Got a dazzling buckler
 61496 | Elf:1    | Identified the +3 buckler of the Robin {*Corrode rF+ rN+
                  | Int+4} (You acquired it on level 1 of the Elven Halls)
 61539 | Elf:1    | Reached skill level 10 in Evocations
 62047 | Elf:1    | Found a deep blue altar of Sif Muna.
 62200 | Elf:1    | Identified the Catalogue of Unholy Rituals
 63341 | Elf:2    | Paralysed by a floating eye for 3 turns
 63525 | Elf:2    | Found a runed translucent gate.
 63525 | Elf:2    | Found a runed translucent gate.
 63547 | Elf:2    | Found a runed translucent gate.
 64204 | Elf:3    | Entered Level 3 of the Elven Halls
 64401 | Elf:3    | Found Jucis's Magic Scroll Emporium.
 64401 | Elf:3    | Noticed Asterion
 64409 | Elf:3    | Killed Asterion
 65883 | Elf:3    | Identified the +8 hand axe of the Foot {protect, MP+9}
 65883 | Elf:3    | Identified the ring "Mistre Ucwa" {Ice rPois}
 65985 | Elf:3    | Identified the ring of Sese Bei {rPois MP+9 Int+3 Dex+6
                  | Slay-3}
 66222 | Elf:3    | Identified the +3 robe "Resyr" {rElec rN+ Dex+2}
 66437 | Elf:3    | Reached XP level 24. HP: 117/117 MP: 35/47
 66574 | Elf:3    | Found the +0 mask of the Dragon {MR+ Slay+3 SInv}
 66580 | Elf:3    | Reached skill level 10 in Fighting
 66632 | Elf:3    | Identified the +3 chain mail of Ru's Approval {rN+ MR+
                  | Regen+ Int+9}
 66817 | Elf:3    | Identified Sif Muna's Collected Works on Captivating
                  | Conjuration
 67233 | Elf:3    | Got a warped lead ring
 67234 | Elf:3    | Identified the ring "Eneuttof" {*Tele +Inv Str-5 Int+2}
                  | (You found it on level 3 of the Elven Halls)
 67241 | Elf:3    | Got an ichor-stained falchion
 67248 | Elf:3    | Identified the +6 falchion of the Skies Above {slice, Str+4
                  | Int+2 Dex+3} (You found it on level 3 of the Elven Halls)
 67267 | Elf:3    | Identified the Incunabulum of Moulding and the Escort
 67282 | Elf:3    | Upgraded the game from 0.24-a0-136-gad582e5 to
                  | 0.24-a0-139-geb6712d
 68194 | Depths:4 | Learned a level 5 spell: Borgnjor's Vile Clutch
 68243 | Depths:4 | Voluntarily entered the Abyss.
 68746 | Abyss:1  | Found a corrupted altar of Lugonu.
 69031 | Abyss:1  | Got a translucent broad axe
 69032 | Abyss:1  | Identified the cursed +0 broad axe of Zegh {freeze, rElec
                  | Int+4 Stlth+} (You found it on level 1 of the Abyss)
 69105 | Depths:4 | Escaped the Abyss
 69182 | Depths:4 | Voluntarily entered the Abyss.
 69871 | Depths:4 | Escaped the Abyss
 69872 | Depths:4 | Upgraded the game from 0.24-a0-139-geb6712d to
                  | 0.24-a0-170-gd8427f5
 69873 | Depths:4 | Voluntarily entered the Abyss.
 70228 | Depths:4 | Escaped the Abyss
 70250 | Depths:4 | Voluntarily entered the Abyss.
 71091 | Abyss:3  | Gained mutation: You are partially covered in iridescent
                  | scales. (AC +2) [a cacodemon]
 71599 | Abyss:3  | Gained mutation: You expend magic power (3 MP) to
                  | strengthen your wands. [a neqoxec]
 71601 | Abyss:3  | HP: 3/122 [cloud of freezing vapour (22)]
 71602 | Abyss:3  | Engulfed by a cloud of freezing vapour

Levels and vault maps discovered:
D:1:      dpeg_arrival_water_temple_mockup, layout_basic
D:2:      layout_loops_corners, first_ration, minmay_misc_feat_enclosed
D:3:      layout_rooms, uniq_sigmund
D:4:      layout_loops_cross, gup_sewer_entry_bubbles
D:5:      layout_gridville, nicolae_dithmenos_through_a_glass_darkly
D:6:      layout_rooms
D:7:      layout_layer_cave, temple_doors_e, the_bakery, nrook_loot_triangle
D:8:      layout_rooms, nicolae_gozag_seed_capital, uniq_harold, uniq_erica,
          uniq_grum
D:9:      layout_cave_pods, basic_altar, david_defended_altar_orc
D:10:     layout_basic, serial_shops, shop_statue, uniq_maurice
D:11:     layout_small_grid, grunt_lair_entry_orc_guard_hut, orc_0_dummy,
          serial_shops, kennysheep_mini_moat, lightli_church_of_beogh,
          uniq_urug, uniq_gastronok
D:12:     layout_long_grid, kennysheep_boxes
D:13:     cheibrodos_fzero, layout_basic, nicolae_trove_entry_crystal,
          uniq_erolcha
D:14:     layout_cave_pools, david_vaults_3, minmay_crystal_room, serial_shops,
          nicolae_shop_trees, nicolae_shop_window_shopping, shop_statue, shop,
          nicolae_shop_crystal, drop_trap
D:15:     gammafunk_enter_depths_forms, layout_cave_pools, skrybe_limestone_x
Lair:1:   cheibrodos_lair_river_kwai, layout_chaotic_city, st_stairs_8,
          serial_bayou_shore_a, lemuel_fruit_tree, infiniplex_staircase_pool,
          grunt_megastairs_2
Lair:2:   layout_small_grid, dummy_snake_entry, gammafunk_ghost_icy,
          nzn_random_ring
Lair:3:   layout_gridlike, palyth_hydra_swamp_entry, minivault_24,
          disabler_island
Lair:4:   layout_loops_ring
Lair:5:   layout_regular_city
Lair:6:   hangedman_lair_in_review, layout_regular_city,
          dpeg_slime_entry_enclosed_altar, st_stairs_9
Swamp:1:  layout_basic_swamp, nicolae_swamp_treefoil
Swamp:2:  gammafunk_its_a_trap, layout_basic_swamp, evilmike_swamp_ruin_house_2
Swamp:3:  gammafunk_the_bubble [the_bubble_gammafunk_grid], layout_falls_marsh,
          evilmike_swamp_ruin_rubble_1, uniq_kirke, uniq_louise
Swamp:4:  grunt_swamp_rune_castle, layout_basic_swamp,
          portal_ice_cave_entry_pillars_1, swamp_pool1
Snake:1:  layout_layer_cave, serial_shops, shop, nicolae_large_snake_swirl
Snake:2:  layout_gridlike, serial_shops, shop
Snake:3:  layout_onion, ebering_ghost_disaster_area, basic_altar, serial_shops,
          nicolae_shop_competitors_out_of_business, nicolae_shop_crystal,
          shop_fountains, nicolae_shop_window_shopping, shop, uniq_aizul,
          uniq_vashnia
Snake:4:  minmay_snake_end_coiled, layout_cave_town,
          hangedman_snake_thin_pillar_pass, nicolae_snake_lava_pool
Orc:1:    layout_diamond_mine
Orc:2:    kennysheep_orc_mage_school, layout_diamond_mine, guppyfry_library_mini
Elf:1:    minmay_elf_arrival_summoners, layout_loops_corners,
          minmay_elf_necromancy, tgw_sif
Elf:2:    layout_rooms, statue_in_the_mist_lemuel,
          nicolae_elf_glass_and_crystal_pillar_1
Elf:3:    nooodl_elf_gasket, layout_geoelf_octagon, serial_shops, shop,
          uniq_asterion
Vaults:1: ontoclasm_vaults_idyll, nicolae_vaults_little_ls, st_hourglassy,
          v_rooms_6, ontoclasm_vaults_hangar, vaults_room_boxed,
          vaults_mumra_minichess_inversion, vaults_room_hallway,
          grunt_vaults_diagonal, v_pattern_5, serial_ice_m, vaults_room_pools,
          nicolae_vaults_shelves_hall, layout_vaults_maze_snakey, serial_shops,
          shop, shop, nicolae_shop_waterfront
Vaults:2: nicolae_vaults_big_ls, vaults_mumra_hex, v_misc_30,
          nicolae_vaults_yaktaur_gun_rack, vaults_dpeg_encased_lava,
          ontoclasm_vaults_shuriken, grunt_vaults_funnel,
          hangedman_vaults_snaps, nicolae_vaults_specimen_jars,
          nicolae_vaults_diagonal_hallway_6, nicolae_vaults_asterisk,
          layout_vaults_omnigrid
Vaults:3: v_rooms_3, minmay_crypt_entry_vampire_xt, v_rooms_6,
          nicolae_vaults_border_crossing, v_misc_2,
          nicolae_vaults_ring_of_whatevers, nicolae_vaults_octagons,
          ontoclasm_vaults_ring_square, v_misc_1, vaults_dpeg_ring,
          nicolae_vaults_little_squares_3, ontoclasm_vaults_loading_screen,
          layout_vaults_ring, serial_shops, nicolae_shop_overgrown_old_shop,
          uniq_saint_roka, uniq_boris
Vaults:4: nicolae_vaults_little_squares_2, v_misc_23,
          ontoclasm_vaults_ring_large, vaults_dpeg_diagonal, v_pattern_2,
          grunt_vaults_swirl, vaults_mumra_chevron, v_misc_3,
          dpeg_vaults_monster_box, v_rooms_6, grunt_vaults_bifocal,
          ontoclasm_vaults_chip, vaults_room_glass_cross, v_alt_pattern_3,
          layout_vaults_omnibox, serial_shops, shop
Depths:1: layout_basic, special_room [special_room_mythical_zoo],
          serial_sigils_hangedman_shear, grunt_hell_entry_dis_grunt,
          minivault_15, serial_bayou_pond_d, hangedman_decor_diamond_cutter,
          grunt_ministairs_4, minmay_misc_feat_roman,
          hangedman_abyss_or_decor_lesser_grid, lemuel_statue_altar
Depths:2: hangedman_crystal_crosses_colossus [crystal_crosses_arms_four,
          crystal_crosses_arms_four, crystal_crosses_arms_two,
          crystal_crosses_arms_one], hell_entry
Depths:3: kennysheep_blocky_room, layout_cross, hellmouth_1, pan_entry,
          nemelex_xobeh_ov_fountains_minmay
Depths:4: wad_cavern_with_rooms, layout_gridlike, serial_sigils_hangedman_gut,
          hangedman_abyss_entry_splay, hangedman_geh_valley
Depths:5: grunt_x_marks_the_spot, layout_gridlike, minmay_misc_feat_nine_boxes,
          pf_hell_entry_tar_river, nrook_uturn,
          hangedman_abyss_or_decor_jellyfish_corner, tgw_lugonu_bribe
Abyss:1
Abyss:2
Abyss:3:  bh_silent_lugonu_exit
Trove:    trove_hunter_1
Sewer:    sewer_co_scattered_pipes
IceCv:    ice_cave_caverns_03

Skill      XL: |  1  2  3  4  5  6  7  8  9 10 11 12 13 14 15 16 17 18 19 20 21 22 23 24 |
---------------+-------------------------------------------------------------------------+-----
Short Blades   | 2 5 6 8 9 10 12 | 12.4
Hexes          | 4 5 9 11 12 15 16 | 16.0
Stealth        | 5 7 10 12 15 17 19 | 19.2
Spellcasting   | 4 5 10 11 15 16 18 19 | 19.2
Charms         | 7 |  7.3
Dodging        | 7 11 13 14 21 | 21.0
Armour         | 3 5 7 |  7.0
Fighting       | 5 8 9 11 | 11.1
Ice Magic      | 5 6 7 8 |  8.1
Necromancy     | 3 10 11 12 | 12.0
Shields        | 6 8 |  8.3
Earth Magic    | 10 11 12 13 | 13.2
Conjurations   | 1 3 8 10 | 10.0
Air Magic      | 6 7 8 |  8.1
Evocations     | 7 9 13 14 | 14.4
Translocations | 5 |  5.8
Summonings     | 3 |  3.0

Action                   |  1- 3 |  4- 6 |  7- 9 | 10-12 | 13-15 | 16-18 | 19-21 | 22-24 || total
-------------------------+-------+-------+-------+-------+-------+-------+-------+-------++-------
Melee: Dagger            |   160 |   778 |   225 |   555 |   803 |    97 |       |       ||  2618
       Short sword       |       |   194 |    60 |       |   395 |  1165 |  1309 |   960 ||  4083
       Staff             |       |       |       |       |       |       |     5 |    16 ||    21
Throw: Tomahawk          |       |       |       |     7 |     3 |     4 |     2 |       ||    16
 Cast: Corona            |    12 |    12 |     2 |    17 |    16 |     5 |     7 |       ||    71
       Ensorcelled Hiber |     9 |    35 |    57 |   113 |   324 |   205 |   222 |    14 ||   979
       Confuse           |       |     3 |    13 |    26 |    53 |   163 |   175 |    38 ||   471
       Tukima's Dance    |       |       |       |     4 |       |     5 |    17 |       ||    26
       Invisibility      |       |       |       |       |     5 |     9 |    11 |     5 ||    30
       Regeneration      |       |       |       |       |     1 |       |     2 |     5 ||     8
       Animate Dead      |       |       |       |       |       |     6 |    25 |     1 ||    32
       Iron Shot         |       |       |       |       |       |       |    35 |   416 ||   451
       Freezing Cloud    |       |       |       |       |       |       |     2 |    85 ||    87
       Blink             |       |       |       |       |       |       |       |     2 ||     2
       Summon Mana Viper |       |       |       |       |       |       |       |     6 ||     6
       Borgnjor's Vile C |       |       |       |       |       |       |       |     6 ||     6
Invok: Shadow Step       |       |       |       |       |       |     1 |       |       ||     1
       Shadow Form       |       |       |       |       |       |     1 |       |       ||     1
Evoke: Staff of energy   |       |       |       |       |       |       |     1 |   204 ||   205
       Wand              |       |       |       |       |       |       |       |     2 ||     2
  Use: Scroll            |       |       |     1 |     8 |     9 |    20 |    11 |    12 ||    61
       Potion            |       |       |       |     1 |     1 |     1 |     5 |     3 ||    11
 Stab: Sleeping          |    19 |    32 |    37 |   123 |   248 |   264 |   211 |    80 ||  1014
       Distracted        |       |     1 |     3 |     2 |     7 |     8 |    16 |    15 ||    52
       Confused          |       |       |     9 |    15 |    29 |   101 |   103 |    22 ||   279
       Invisible         |       |       |       |       |    20 |    35 |    44 |    24 ||   123
  Eat: Ration            |       |     3 |     5 |     5 |     6 |     9 |     6 |    15 ||    49
Armor: Robe              |    17 |    80 |    31 |    27 |       |       |       |       ||   155
       Troll leather arm |       |       |       |    15 |    77 |       |       |       ||    92
       Steam dragon scal |       |       |       |       |     8 |    69 |    29 |    52 ||   158
Dodge: Dodged            |   105 |   424 |   220 |   420 |   850 |   714 |   534 |   879 ||  4146
       Deflected         |       |       |       |       |       |    27 |    35 |    29 ||    91
Block: Buckler           |       |       |       |       |    69 |   413 |   566 |    81 ||  1129
       Reflection        |       |       |       |       |       |     6 |    94 |    30 ||   130
       Other             |       |       |       |       |       |       |     9 |   162 ||   171

Table legend:
 A = Non-vault XP
 B = Vault XP
 C = Vault XP percentage of total XP
 D = Non-vault monster count
 E = Vault monster count
 F = Vault count percentage of total count
                 A         B        C        D         E       F
            +---------+---------+-------+---------+---------+-------
      Total |  604207 |  458596 |  43.1 |    1444 |     736 |  33.8
            +---------+---------+-------+---------+---------+-------
        D:1 |      29 |       0 |   0.0 |      18 |       0 |   0.0
        D:2 |      61 |       0 |   0.0 |      24 |       0 |   0.0
        D:3 |     224 |     238 |  51.5 |      32 |       1 |   3.0
        D:4 |     111 |      40 |  26.5 |      20 |       8 |  28.6
        D:5 |     643 |       0 |   0.0 |      15 |       0 |   0.0
        D:6 |    1445 |       0 |   0.0 |      30 |       0 |   0.0
        D:7 |     969 |     220 |  18.5 |      19 |       1 |   5.0
        D:8 |    1798 |    2383 |  57.0 |      14 |       5 |  26.3
        D:9 |    1156 |     126 |   9.8 |      14 |       3 |  17.6
       D:10 |    1712 |     503 |  22.7 |      17 |       1 |   5.6
       D:11 |    4646 |    4901 |  51.3 |      45 |      20 |  30.8
       D:12 |    6024 |       0 |   0.0 |      52 |       0 |   0.0
       D:13 |    6240 |    5861 |  48.4 |      19 |      17 |  47.2
       D:14 |    3903 |    5719 |  59.4 |      25 |      20 |  44.4
       D:15 |   11699 |    4349 |  27.1 |      34 |      10 |  22.7
     Lair:1 |    7426 |    3429 |  31.6 |      31 |       8 |  20.5
     Lair:2 |    2997 |    5208 |  63.5 |      17 |      18 |  51.4
     Lair:3 |    2879 |    4963 |  63.3 |      16 |      11 |  40.7
     Lair:4 |    5269 |       0 |   0.0 |      21 |       0 |   0.0
     Lair:5 |    9606 |       0 |   0.0 |      42 |       0 |   0.0
     Lair:6 |   15482 |   10433 |  40.3 |      64 |      24 |  27.3
    Swamp:1 |   10408 |       0 |   0.0 |      24 |       0 |   0.0
    Swamp:2 |   22174 |    2538 |  10.3 |      39 |       7 |  15.2
    Swamp:3 |   16770 |    3745 |  18.3 |      37 |       2 |   5.1
    Swamp:4 |   15281 |   22406 |  59.5 |      24 |      34 |  58.6
    Snake:1 |   11398 |       0 |   0.0 |      21 |       0 |   0.0
    Snake:2 |   17094 |       0 |   0.0 |      35 |       0 |   0.0
    Snake:3 |   17866 |   10856 |  37.8 |      28 |       7 |  20.0
    Snake:4 |   23517 |   22602 |  49.0 |      47 |      55 |  53.9
      Orc:1 |    2019 |       0 |   0.0 |      27 |       0 |   0.0
      Orc:2 |    5351 |    6960 |  56.5 |      43 |      41 |  48.8
      Elf:1 |   20480 |    5656 |  21.6 |      31 |      14 |  31.1
      Elf:2 |   21272 |   23010 |  52.0 |      34 |      31 |  47.7
      Elf:3 |   13441 |   58502 |  81.3 |      23 |      40 |  63.5
   Vaults:1 |   23487 |   24897 |  51.5 |      37 |      39 |  51.3
   Vaults:2 |   20116 |   18282 |  47.6 |      32 |      28 |  46.7
   Vaults:3 |   28577 |   38642 |  57.5 |      46 |      55 |  54.5
   Vaults:4 |   23718 |   34027 |  58.9 |      28 |      42 |  60.0
   Depths:1 |   27922 |   20240 |  42.0 |      31 |      25 |  44.6
   Depths:2 |    3705 |   64968 |  94.6 |       5 |      53 |  91.4
   Depths:3 |   48123 |   11810 |  19.7 |      53 |      12 |  18.5
   Depths:4 |   46817 |    5867 |  11.1 |      53 |       6 |  10.2
   Depths:5 |   30633 |   24134 |  44.1 |      26 |      21 |  44.7
    Abyss:1 |   34619 |    3684 |   9.6 |      74 |       4 |   5.1
    Abyss:2 |    2816 |       0 |   0.0 |       9 |       0 |   0.0
    Abyss:3 |   32284 |       0 |   0.0 |      68 |       0 |   0.0
      Sewer |       0 |      45 | 100.0 |       0 |      21 | 100.0
      IceCv |       0 |    7352 | 100.0 |       0 |      52 | 100.0
            +---------+---------+-------+---------+---------+-------
